 Dungeon Crawl Stone Soup version 0.29-a0-1033-gb6c65ffae6 (webtiles) character file.

Game seed: 10523465285481928355

97 gelatine the Firebug (level 4, 0/30 HPs)
             Began as a Demonspawn Fire Elementalist on Aug 15, 2022.
             Was an Initiate of Sif Muna.
             Slain by a river rat (7 damage)
             ... in a sewer.
             The game lasted 00:08:03 (3320 turns).

gelatine the Firebug (Demonspawn Fire Elementalist) Turns: 3320, Time: 00:08:03

Health: 0/30       AC:  2    Str:  8    XL:     4   Next: 42%
Magic:  6/7        EV: 12    Int: 18    God:    Sif Muna [......]
Gold:   115        SH:  0    Dex: 14    Spells: 5/8 levels left

rFire   . . .      SeeInvis .   d - +0 whip
rCold   . . .      Faith    .   (no shield)
rNeg    . . .      Spirit   .   a - +0 robe
rPois   .          Reflect  .   (no helmet)
rElec   .          Harm     .   (no cloak)
rCorr   .          Rampage  .   (no gloves)
Will    .....                   (no boots)
Stlth   ++........              (no amulet)
HPRegen 0.10/turn               (no ring)
MPRegen 0.10/turn               (no ring)

@: no status effects
A: claws 2
a: Renounce Religion


You were in a sewer.
You worshipped Sif Muna.
Sif Muna was noncommittal.
You visited 1 branch of the dungeon, and saw 3 of its levels.
You also visited: Sewer.

You collected 115 gold pieces.

Inventory:

Hand Weapons
 d - a +0 whip (weapon)
Armour
 a - a +0 robe (worn)
Scrolls
 c - a scroll of poison {unknown}
 e - a scroll of summoning {unknown}
 h - a scroll of teleportation
 i - 3 scrolls of magic mapping
Potions
 b - a potion of magic
 f - a potion of ambrosia {unknown}
 g - 3 potions of cancellation {unknown}
 j - a potion of curing {unknown}
 k - a potion of brilliance {unknown}
 l - a potion of haste {unknown}
 m - a potion of degeneration {unknown}


   Skills:
 + Level 0.9 Maces & Flails
 + Level 2.2 Dodging
 + Level 2.3 Stealth
 + Level 0.1 Unarmed Combat
 + Level 2.5 Spellcasting
 + Level 2.2 Conjurations
 + Level 3.2 Fire Magic


You had 5 spell levels left.
You knew the following spells:

 Your Spells              Type           Power      Damage    Failure   Level
a - Foxfire               Conj/Fire      48%        2x1d6     5%          1
b - Scorch                Fire           26%        2d6       7%          2

Your spell library contained the following spells:

 Spells                   Type           Power      Damage    Failure   Level
 Conjure Flame            Conj/Fire      12%        6-21      17%         3
 Sublimation of Blood     Necr           2%         N/A       26%         2
 Wereblood                Tmut           2%         N/A       26%         2
 Inner Flame              Hex/Fire       8%         N/A       26%         3
 Flame Wave               Conj/Fire      12%        2d6       50%         4
 Summon Hydra             Summ           1%         N/A       100%        7


Dungeon Overview and Level Annotations

Branches:
Dungeon (3/15)              Sewer (1/1)

Altars:
Ru
Sif Muna


Innate Abilities, Weirdness & Mutations

You have very sharp fingernails.


Message History

The river rat is lightly wounded.
The river rat bites you.
You hit the river rat.
The river rat is moderately wounded.
The river rat bites you!
You hit the river rat but do no damage.
The river rat is moderately wounded.
The river rat bites you.
You hit the river rat.
The river rat is heavily wounded.
The river rat bites you.
You are too injured to fight recklessly!
Casting: Foxfire (safe; 5% risk of failure)
Confirm with . or Enter, or press ? or * to list all spells.
You conjure some foxfire!
The river rat barely misses you.
Your foxfire dissipates!
You barely miss the river rat.
The river rat is heavily wounded.
The river rat barely misses you.
You closely miss the river rat.
The river rat is heavily wounded.
The river rat bites you but does no damage.
You see here a rat corpse.
The river rat attacks as you move away! The river rat barely misses you.
You enter the shallow water.
Moving in this stuff is going to be slow.
The river rat bites you.
* * * LOW HITPOINT WARNING * * *
Casting: Foxfire (safe; 5% risk of failure)
Confirm with . or Enter, or press ? or * to list all spells.
You conjure some foxfire!
The river rat closely misses you.
You hit the river rat but do no damage.
The river rat is heavily wounded.
The foxfire hits the river rat but does no damage.
The river rat is heavily wounded.
The foxfire hits the river rat but does no damage.
The river rat is heavily wounded.
The river rat is engulfed in a cloud of scalding steam.
The river rat bites you!
You die...

### ..# ### #.##.###.##
#....#.#.# ##†#.#.#
##.#####.#
###########.##############
≈≈≈≈#≈~.§.r~.~~.~...~.~~~~
≈≈≈≈#≈~.§@.~~~†~..†...~~~~
##########################


You could see a river rat.

Vanquished Creatures
  2 adders
  2 river rats (Sewer)
  6 endoplasms
  A giant cockroach (D:2)
  5 goblins
  6 hobgoblins
  7 jackals (D:1)
  5 kobolds
  3 quokkas
  4 ball pythons
  3 bats
  10 frilled lizards
  5 rats
59 creatures vanquished.

Vanquished Creatures (others)
  198 foxfires
198 creatures vanquished.

Grand Total: 257 creatures vanquished

Notes
Turn   | Place    | Note
-------+----------+-------------------------------------------
     0 | D:1      | gelatine the Demonspawn Fire Elementalist began the quest
                  | for the Orb.
     0 | D:1      | Reached XP level 1. HP: 13/13 MP: 3/3
   142 | D:1      | Reached skill level 3 in Fire Magic
   250 | D:1      | Gained mutation: You have sharp fingernails. [demonic
                  | ancestry]
   250 | D:1      | Reached XP level 2. HP: 19/19 MP: 3/5
   938 | D:1      | Reached XP level 3. HP: 19/24 MP: 2/6
  2561 | D:3      | Found a shimmering blue altar of Sif Muna.
  2565 | D:3      | Became a worshipper of Sif Muna the Loreminder
  2584 | D:3      | Found a sacrificial altar of Ru.
  2587 | D:3      | Found a faded altar of an unknown god.
  2649 | D:3      | Found a glowing drain.
  2653 | Sewer    | Entered a sewer
  2657 | Sewer    | Learned a level 2 spell: Scorch
  2764 | Sewer    | Gained mutation: You have very sharp fingernails. [demonic
                  | ancestry]
  2764 | Sewer    | Reached XP level 4. HP: 5/30 MP: 2/7
  3320 | Sewer    | Slain by a river rat

Illustrated notes

Levels and vault maps discovered:
D:1:      lightli_arrival_statue_moat, layout_loops_ring
D:2:      layout_basic
D:3:      layout_basic, zin_academy, nicolae_overflow_quartered_altars,
          mainiacjoe_overflow_cross_hatched, gup_sewer_entry_bowl,
          ebering_ecumenical_altar_mist, minivault_4, dreamdust_wishing_well
Sewer:    sewer_co_cracked_pipes

Skill      XL: |  1  2  3 |
---------------+----------+-----
Fire Magic     | 3 |  3.2
Dodging        | 2 |  2.2
Stealth        | 2 |  2.3
Conjurations   | 2 |  2.2
Maces & Flails | |  0.9
Unarmed Combat | |  0.1
Spellcasting   | |  2.5

Action                   |  1- 3 |  4- 6 || total
-------------------------+-------+-------++-------
Melee: Unarmed           |    15 |       ||    15
       Whip              |    19 |    11 ||    30
       Punch             |     1 |       ||     1
 Cast: Foxfire           |   102 |    20 ||   122
  Use: Scroll            |     2 |       ||     2
       Potion            |     1 |       ||     1
Armor: Robe              |     9 |     3 ||    12
Dodge: Dodged            |    39 |     7 ||    46

Table legend: (Time is in decaauts)
 A = Elapsed time spent in this place.
 B = Non-inter-level travel time spent in this place.
 C = Inter-level travel time spent in this place.
 D = Time resting spent in this place.
 E = Time spent auto-exploring this place.
 F = Levels seen in this place.
 G = Mean time per level.
                   A        B        C        D        E       F      G
               +--------+--------+--------+--------+--------+-----+--------+
         Total |   3346 |   3214 |    132 |    245 |   2475 |   4 |  836.5 |
       Dungeon |   2656 |   2524 |    132 |      0 |   2200 |   3 |  885.3 |
         Sewer |    690 |    690 |      0 |    245 |    275 |   1 |  690.0 |
               +--------+--------+--------+--------+--------+-----+--------+

Top non-repeatable levels by time:
     D:1: 1456 daAuts
     D:2: 1074 daAuts
   Sewer: 690 daAuts
     D:3: 125 daAuts
